 Dungeon Crawl Stone Soup version 0.29-a0-330-g52719c12eb (webtiles) character file.

Game seed: 18299191275723279260

92895 Armakuni the Stormcaller (level 15, 0/113 HPs)
             Began as a Pale Draconian Conjurer on Apr 17, 2022.
             Was a High Priest of Vehumet.
             Slain by a tarantella (10 damage)
             ... on level 2 of the Spider Nest on Apr 23, 2022.
             The game lasted 01:30:06 (27441 turns).

Armakuni the Stormcaller (Pale Draconian Conjurer) Turns: 27441, Time: 01:30:06

Health: 0/113      AC: 14    Str: 14    XL:     15   Next: 59%
Magic:  22/34      EV: 13    Int: 31    God:    Vehumet [*****.]
Gold:   821        SH:  0    Dex: 11    Spells: 6/45 levels left

rFire   x . .      SeeInvis .   a - staff of air
rCold   + . .      Faith    .   (no shield)
rNeg    . . .      Spirit   .   (body armour unavailable)
rPois   +          Reflect  .   K - +2 hat {Stlth+}
rElec   +          Harm     .   Q - +0 cloak
rCorr   .          Rampage  .   (no gloves)
Will    ++...                   p - +1 pair of boots of Ignis's Grace {rPois Will+ Str+5}
Stlth   +++.......              M - amulet of magic regeneration
HPRegen 0.28/turn               J - ring of ice
MPRegen 0.64/turn               I - +6 ring of intelligence

@: lethally poisoned (0 -> -11)
A: breathe steam, AC +9, unfitting armour, cold-blooded, steam resistance
a: Breathe Steam, Renounce Religion


You were on level 2 of the Spider Nest.
You worshipped Vehumet.
Vehumet was extremely pleased with you.
You visited 5 branches of the dungeon, and saw 21 of its levels.
You also visited: Bailey and Ice Cave.

You collected 1665 gold pieces.
You spent 844 gold pieces at shops.

Inventory:

Missiles
 s - 6 curare-tipped darts
 P - a throwing net
Armour
 p - the +1 pair of boots of Ignis's Grace (worn) {rPois Will+ Str+5}
   (You found it on level 1 of the Lair of Beasts)

   Str:       It affects your strength (+5).
   rPois:     It protects you from poison.
   Will:      It increases your willpower.
 K - a +2 hat of stealth (worn)
 N - a +3 buckler of protection
 Q - a +0 cloak (worn)
Magical Staves
 a - a staff of air (weapon)
Jewellery
 A - a +4 ring of protection
 F - a ring of protection from fire
 H - an amulet of reflection
 I - a +6 ring of intelligence (right hand)
 J - a ring of ice (left hand)
 M - an amulet of magic regeneration (around neck)
 T - a ring of poison resistance
 U - an amulet of faith
 W - a ring of resist corrosion
Wands
 c - a wand of charming (7)
 h - a wand of acid (4)
 k - a wand of digging (4)
 x - a wand of flame (2)
 Z - a wand of paralysis (3)
Scrolls
 d - a scroll of amnesia
 f - 2 scrolls of blinking
 g - 6 scrolls of enchant armour
 n - 2 scrolls of enchant weapon
 o - 7 scrolls of magic mapping
 r - 5 scrolls of teleportation
 t - 3 scrolls of noise
 w - 7 scrolls of immolation
 z - 6 scrolls of fog
 B - a scroll of silence
 E - 2 scrolls of fear
 L - 2 scrolls of vulnerability
 S - 2 scrolls of holy word
 X - a scroll of brand weapon
Potions
 e - 2 potions of magic
 i - 3 potions of flight
 j - 2 potions of invisibility
 l - 6 potions of ambrosia
 q - 4 potions of haste
 u - 7 potions of curing
 v - 5 potions of heal wounds {unknown}
 y - 3 potions of lignification
 C - 3 potions of cancellation {unknown}
 D - 5 potions of might
 G - 2 potions of resistance
 O - a potion of mutation {unknown}
 R - 4 potions of brilliance
Miscellaneous
 m - a phantom mirror


   Skills:
 - Level 5.1 Fighting
 - Level 4.7 Dodging
 - Level 1.7 Stealth
 + Level 15.9 Spellcasting
 - Level 10.0 Conjurations
 - Level 4.0 Translocations
 - Level 10.0 Fire Magic
 + Level 17.7 Air Magic
 - Level 5.2 Evocations


You had 6 spell levels left.
You knew the following spells:

 Your Spells              Type           Power      Damage    Failure   Level
a - Maxwell's Capacitive  Air            58%        ∞         2%          8
b - Starburst             Conj/Fire      36%        6d11      1%          6
h - Swiftness             Air            100%       N/A       0%          3
i - Inner Flame           Hex/Fire       53%        N/A       1%          3
m - Iskenderun's Mystic   Conj/Tloc      62%        2d13      1%          4
s - Sticky Flame          Conj/Fire      72%        2d9       1%          4
z - Airstrike             Air            58%        N/A       0%          4
F - Storm Form            Tmut/Air       44%        N/A       36%         7

Your spell library contained the following spells:

 Spells                   Type           Power      Damage    Failure   Level
 Iskenderun's Battlesphe  Conj           72%        2d12      1%          5
 Shock                    Conj/Air       100%       1d9       0%          1
 Static Discharge         Conj/Air       100%       N/A       0%          2
 Beastly Appendage        Tmut           48%        N/A       1%          1
 Magic Dart               Conj           100%       1d8       1%          1
 Corpse Rot               Necr/Air       100%       N/A       1%          2
 Searing Ray              Conj           100%       2d8       1%          2
 Conjure Flame            Conj/Fire      72%        6-21      1%          3
 Dazzling Flash           Conj/Hex       100%       N/A       1%          3
 Ignite Poison            Fire/Tmut/Pois 45%        N/A       1%          3
 Fulminant Prism          Conj/Hex       26%        3d14      1%          4
 Hailstorm                Conj/Ice       70%        3d15      1%          4
 Summon Lightning Spire   Summ/Air       88%        N/A       1%          4
 Lightning Bolt           Conj/Air       52%        1d74      1%          5
 Wereblood                Tmut           24%        N/A       2%          2
 Spider Form              Tmut/Pois      24%        N/A       5%          3
 Lee's Rapid Deconstruct  Erth           12%        3d9*      13%         5
 Cause Fear               Hex            12%        N/A       19%         4
 Dispel Undead            Necr           24%        3d12      19%         4
 Ice Form                 Ice/Tmut       37%        N/A       19%         4
 Leda's Liquefaction      Hex/Erth       12%        N/A       19%         4
 Alistair's Intoxication  Tmut/Pois      16%        N/A       45%         5
 Borgnjor's Vile Clutch   Necr/Erth      12%        N/A       45%         5
 Eringya's Noxious Bog    Tmut/Pois      12%        N/A       54%         6
 Death Channel            Necr           12%        N/A       95%         6
 Simulacrum               Ice/Necr       18%        N/A       95%         6
 Statue Form              Tmut/Erth      16%        N/A       95%         6
 Discord                  Hex            12%        N/A       100%        8


Dungeon Overview and Level Annotations

Branches:
Dungeon (10/15)            Temple (1/1) D:4            Lair (6/6) D:10
 Shoals (0/4) Lair:3       Spider (2/4) Lair:2        Slime (0/5) Lair:5
    Orc (2/2) D:10         Bailey (visited)           IceCv (visited)
    Elf: Orc:2

Altars:
Ashenzari
Cheibriados
Dithmenos
Elyvilon
Fedhas
Gozag
Hepliaklqana
Kikubaaqudgha
Makhleb
Nemelex Xobeh
Okawaru
Qazlal
Ru
Sif Muna
Trog
Uskayaw
Vehumet
Wu Jian
Xom
Yredelemnul
Zin
The Shining One
Beogh
Jiyva

Shops:
D:3 =:   Orc:1 :

Portals:
Abyss: D:5

Annotations:
D:5 2 transporters, MackTheKnife's ghost, weakling DsDe


Innate Abilities, Weirdness & Mutations

You can breathe blasts of scalding, opaque steam.
Your pale cyan-grey scales are hard. (AC +9)
You cannot fit into any form of body armour.
You are cold-blooded and may be slowed by cold attacks.
You are immune to the effects of steam.


Message History

The redback burns!
The redback bites you!
You are poisoned.
The redback poisons you!
The jumping spider leaps!
The redback closely misses you.
Casting: Sticky Flame (safe; 1% risk of failure)
Confirm with . or Enter, or press ? or * to list all spells.
Okay, then.
Unknown command.
Casting: Sticky Flame (safe; 1% risk of failure)
Confirm with . or Enter, or press ? or * to list all spells.
Casting: Starburst (dangerous; 1% risk of failure)
Press: ? - help, Dir - look around, f - activate The bolt of fire hits the redback!!!
You kill the redback!
Vehumet accepts your kill.
You feel your power returning.
The bolt of fire hits the jumping spider!!
The jumping spider is almost dead.
The bolt of fire misses the jumping spider.
* * * LOW HITPOINT WARNING * * *
You feel extremely sick. The jumping spider pounces on you.
* * * LOW HITPOINT WARNING * * *
The jumping spider bites you but does no damage.
The jumping spider closely misses you. The jumping spider barely misses you.
The jumping spider leaps!
* * * LOW HITPOINT WARNING * * *
You feel very sick.
Things that are here:
a staff of cold; a redback corpse
* * * LOW HITPOINT WARNING * * *
You feel very sick. The tarantella closely misses you.
The jumping spider leaps! x2
The tarantella touches you but does no damage.
You hit the tarantella.
The tarantella is electrocuted!
The tarantella is severely wounded.
* * * LOW HITPOINT WARNING * * *
You feel very sick. The tarantella touches you!
You die...

,,######.***** #..........#,,,,,,
,,#.....########..........#*,,,,,
,*#..^.......##.#.........#**,,,,
,##............####.###..#**,,,,,
.#.........##### #[##**** *,,,,,
.........^#########..######*,,**,
,##.......###....##.....^.#,,**,,
,,#.......##......#†.......,,,,,,
,,##......##..|°@s^.s......,*,^,,
,*##.####.##......#<......#*^,,,,
*##..########....##.......#*,,,,,
##......### #######.......#*,,,,,
#.........#########......##,,,,,,
............##........^..#,,,,,,,
..............<...........#,,,,,,
.............##........####,,,,,,
.#...........#*#...###** *,,,,,,


You could see a jumping spider and a tarantella.

Vanquished Creatures
  Gastronok (Lair:2)
  Agnes (Spider:2)
  An emperor scorpion (Spider:1)
  An orc warlord (Bailey)
  2 very ugly things (IceCv)
  A broodmother (Lair:2)
  A dire elephant (Lair:6)
  A spark wasp (Spider:1)
  The ghost of Leszczynek the Fighter, a journeyman HuGl of Okawaru (D:10)
  2 boulder beetles
  10 hydras
  3 two-headed ogres
  A jorogumo (Spider:1)
  15 death yaks
  A pharaoh ant (Spider:1)
  A steelbarb worm (Spider:1)
  A lindwurm (Lair:4)
  An orange crystal statue (IceCv)
  3 wolf spiders
  An orc knight (Bailey)
  2 orc sorcerers (Orc:1)
  4 oklob plants (Lair:3)
  A manticore (Lair:3)
  A merfolk siren (Lair:3)
  11 elephants
  An ice statue (Spider:2)
  9 black mambas
  3 torpor snails
  2 rime drakes
  27 cane toads
  2 demonic crawlers (Spider:1)
  An unseen horror (D:10)
  2 freezing wraiths (IceCv)
  A golden dragon simulacrum (IceCv)
  8 komodo dragons
  An anaconda simulacrum (IceCv)
  A queen bee (Lair:3)
  3 trolls
  3 merfolk (Lair:3)
  2 polar bears
  3 tyrant leeches (Lair:6)
  13 dream sheep
  30 blink frogs
  Grinder (D:6)
  3 jumping spiders
  47 yaks
  4 culicivoras
  5 wyverns
  4 basilisks (Lair:3)
  3 steam dragons
  12 redbacks
  5 vampire mosquitoes (Lair:6)
  Menkaure (D:6)
  20 water moccasins
  2 acid dragons
  3 hydra simulacra (IceCv)
  2 ice beasts
  23 orc warriors
  2 black bears
  An ettin simulacrum (IceCv)
  An alligator simulacrum (IceCv)
  6 centaurs
  12 wolves
  8 ogres
  2 phantoms
  20 bullfrogs
  A gnoll sergeant (D:9)
  3 scorpions
  4 necrophages
  3 wights (D:9)
  A lindwurm simulacrum (IceCv)
  40 killer bees
  3 howler monkeys
  8 electric eels
  5 jellies
  A gnoll shaman (D:7)
  11 hounds
  11 orc priests
  Jessica (D:2)
  An iguana (D:5)
  9 orc wizards
  Robin (D:2)
  18 gnolls
  7 adders
  4 shadow imps
  3 worms
  4 dart slugs (D:2)
  40 orcs
  10 bats
  18 endoplasms
  2 giant cockroaches (D:2)
  35 goblins
  9 hobgoblins
  11 ball pythons
  5 frilled lizards
  10 kobolds
  6 rats
  A spectral orc (D:7)
653 creatures vanquished.

Vanquished Creatures (collateral kills)
  An ugly thing (D:10)
  A gargoyle (D:10)
2 creatures vanquished.

Vanquished Creatures (others)
  A wizard (D:5)
  A bush (Lair:6)
  43 fungi
  112 plants
  11 toadstools (D:3)
168 creatures vanquished.

Grand Total: 823 creatures vanquished

Notes
Turn   | Place    | Note
-------+----------+-------------------------------------------
     0 | D:1      | Armakuni the Draconian Conjurer began the quest for the
                  | Orb.
     0 | D:1      | Reached XP level 1. HP: 14/14 MP: 3/3
   360 | D:1      | Reached XP level 2. HP: 20/20 MP: 3/5
   363 | D:1      | Learned a level 2 spell: Searing Ray
   718 | D:1      | Found a faded altar of an unknown god.
  1720 | D:2      | Reached XP level 3. HP: 23/26 MP: 0/7
  1971 | D:2      | Noticed Robin
  2010 | D:2      | Killed Robin
  2149 | D:2      | Reached XP level 4. HP: 33/33 MP: 3/8
  2507 | D:2      | Reached skill level 5 in Conjurations
  2559 | D:2      | Learned a level 4 spell: Iskenderun's Mystic Blast
  2739 | D:2      | Noticed Jessica
  2743 | D:2      | Killed Jessica
  2929 | D:2      | Reached XP level 5. HP: 38/38 MP: 4/10
  3246 | D:3      | Found Naroteb's Jewellery Boutique.
  3776 | D:3      | Found Qokilada's Book Shop.
  4189 | D:3      | Reached XP level 6. HP: 45/45 MP: 7/12
  4324 | D:3      | Found Xemad's Jewellery Boutique.
  4989 | D:4      | Reached skill level 5 in Spellcasting
  5203 | D:4      | Your scales start taking on a pale cyan-grey colour.
  5203 | D:4      | Reached XP level 7. HP: 50/50 MP: 9/15
  5203 | D:4      | Gained mutation: You are immune to the effects of steam.
                  | [Pale Draconian growth]
  5275 | D:4      | Found a staircase to the Ecumenical Temple.
  5286 | Temple   | Entered the Ecumenical Temple
  5515 | D:4      | Learned a level 4 spell: Airstrike
  5603 | D:5      | Entered Level 5 of the Dungeon
  5660 | D:5      | Reached skill level 1 in Translocations
  5710 | D:5      | Found a bloodstained altar of Trog.
  5711 | D:5      | Noticed a wizard
  5717 | D:5      | Killed a wizard
  5848 | D:5      | Found a transporter.
  6096 | D:5      | Reached XP level 8. HP: 57/57 MP: 10/16
  6148 | D:5      | Found a one-way gate to the infinite horrors of the Abyss.
  6148 | D:5      | Noticed MackTheKnife's ghost (weakling DsDe)
  6154 | D:5      | Found a transporter.
  6170 | D:5      | Noticed a troll
  6175 | D:5      | Killed a troll
  6496 | D:5      | Learned a level 4 spell: Sticky Flame
  6928 | D:6      | Noticed Menkaure
  6940 | D:6      | Reached skill level 1 in Fire Magic
  6940 | D:6      | Killed Menkaure
  6941 | D:6      | Reached XP level 9. HP: 30/62 MP: 5/17
  7169 | D:6      | Reached skill level 10 in Conjurations
  7698 | D:6      | Noticed Grinder
  7714 | D:6      | Paralysed by Grinder for 2 turns
  7717 | D:6      | Killed Grinder
  8070 | D:7      | Found a flagged portal.
  8129 | Bailey   | Entered a bailey
  8220 | Bailey   | Noticed an orc knight
  8240 | Bailey   | Killed an orc knight
  8241 | Bailey   | Reached skill level 5 in Fire Magic
  8441 | Bailey   | Reached XP level 10. HP: 40/69 MP: 13/21
  8912 | Bailey   | Learned a level 3 spell: Inner Flame
  8948 | Bailey   | Noticed an orc warlord
  8967 | Bailey   | Reached skill level 5 in Fighting
  8967 | Bailey   | Reached skill level 5 in Evocations
  8967 | Bailey   | Reached XP level 11. HP: 20/86 MP: 12/23
  8973 | Bailey   | Killed an orc warlord
  9619 | D:3      | Bought an amulet of magic regeneration for 360 gold pieces
 10610 | D:7      | Found a hazy altar of Hepliaklqana.
 10667 | D:8      | Noticed a two-headed ogre
 10676 | D:8      | Killed a two-headed ogre
 10677 | D:8      | Reached skill level 10 in Fire Magic
 10864 | D:8      | Learned a level 3 spell: Swiftness
 11243 | D:8      | Found a basalt altar of Yredelemnul.
 11244 | D:8      | Found a radiant altar of Vehumet.
 11244 | D:8      | Found a white marble altar of Elyvilon.
 11244 | D:8      | Found a stormy altar of Qazlal.
 11245 | D:8      | Found a blossoming altar of Fedhas.
 11370 | D:8      | Became a worshipper of Vehumet
 11657 | D:9      | Reached skill level 1 in Air Magic
 11895 | D:9      | Found an ancient bone altar of Kikubaaqudgha.
 12072 | D:9      | Reached skill level 2 in Air Magic
 12111 | D:9      | Found an iron altar of Okawaru.
 12344 | D:9      | Reached skill level 10 in Spellcasting
 12736 | D:9      | Noticed a two-headed ogre
 12744 | D:9      | Killed a two-headed ogre
 12745 | D:9      | Reached skill level 4 in Air Magic
 12814 | D:10     | Entered Level 10 of the Dungeon
 13026 | D:10     | Found a staircase to the Lair.
 13027 | D:10     | Reached * piety under Vehumet
 13027 | D:10     | Offered knowledge of Freeze by Vehumet.
 13038 | D:10     | Reached skill level 5 in Air Magic
 13265 | D:10     | Reached skill level 6 in Air Magic
 13265 | D:10     | Reached XP level 12. HP: 94/94 MP: 20/26
 13291 | D:10     | Found a runed translucent door.
 13291 | D:10     | Noticed Leszczynek's ghost (journeyman HuGl)
 13327 | D:10     | Found a staircase to the Orcish Mines.
 13341 | D:10     | Killed Leszczynek's ghost
 13360 | D:10     | Reached skill level 7 in Air Magic
 13743 | D:10     | Reached skill level 8 in Air Magic
 13806 | D:10     | Reached ** piety under Vehumet
 13806 | D:10     | Offered knowledge of Static Discharge by Vehumet.
 13832 | D:10     | Learned a level 2 spell: Static Discharge
 13835 | D:10     | Noticed a two-headed ogre
 13840 | D:10     | Killed a two-headed ogre
 13916 | D:10     | Reached skill level 9 in Air Magic
 14484 | Orc:1    | Entered Level 1 of the Orcish Mines
 14847 | Orc:1    | Paralysed by an orc sorcerer for 5 turns
 15044 | Orc:1    | Reached skill level 10 in Air Magic
 15093 | Orc:1    | Found Tygeedd's Book Shoppe.
 15281 | Orc:2    | Entered Level 2 of the Orcish Mines
 15494 | D:3      | Bought a book of the Sky for 484 gold pieces
 15674 | Lair:1   | Entered Level 1 of the Lair of Beasts
 15829 | Lair:1   | Identified the +1 pair of boots of Ignis's Grace {rPois
                  | Will+ Str+5}
 16016 | Lair:1   | Noticed an eight-headed hydra
 16023 | Lair:1   | Killed an eight-headed hydra
 16321 | Lair:1   | Offered knowledge of Poisonous Vapours by Vehumet.
 16469 | Lair:1   | Reached skill level 11 in Air Magic
 16472 | Lair:1   | Reached *** piety under Vehumet
 16771 | Lair:2   | Noticed a four-headed hydra
 16775 | Lair:2   | Killed a four-headed hydra
 16832 | Lair:2   | Found a hole to the Spider Nest.
 17009 | Lair:2   | Reached XP level 13. HP: 100/100 MP: 18/28
 17018 | Lair:2   | Learned a level 8 spell: Maxwell's Capacitive Coupling
 17071 | Lair:2   | Noticed Gastronok
 17088 | Lair:2   | Killed Gastronok
 17234 | Lair:2   | Offered knowledge of Mephitic Cloud by Vehumet.
 17461 | Lair:2   | Reached skill level 12 in Air Magic
 18544 | Lair:3   | Reached **** piety under Vehumet
 18690 | Lair:3   | Found a staircase to the Shoals.
 18743 | Lair:3   | Offered knowledge of Lightning Bolt by Vehumet.
 19011 | Lair:3   | Reached skill level 13 in Air Magic
 19060 | Lair:3   | Reached ***** piety under Vehumet
 19101 | Lair:3   | Offered knowledge of Starburst by Vehumet.
 19109 | Lair:3   | Learned a level 6 spell: Starburst
 20818 | Lair:4   | Reached skill level 14 in Air Magic
 21077 | Lair:4   | Reached XP level 14. HP: 81/107 MP: 12/31
 21788 | Lair:4   | Offered knowledge of Flame Wave by Vehumet.
 21798 | Lair:4   | Reached skill level 15 in Air Magic
 22491 | Lair:5   | Learned a level 7 spell: Storm Form
 22656 | Lair:5   | Found a viscous altar of Jiyva.
 22656 | Lair:5   | Found a staircase to the Slime Pits.
 23219 | Lair:6   | Entered Level 6 of the Lair of Beasts
 23459 | Lair:6   | Reached skill level 16 in Air Magic
 24149 | Lair:6   | Reached XP level 15. HP: 97/113 MP: 22/33
 24153 | Lair:6   | Offered knowledge of Iskenderun's Battlesphere by Vehumet.
 24171 | Lair:6   | Reached skill level 15 in Spellcasting
 25635 | Spider:1 | Entered Level 1 of the Spider Nest
 25640 | Spider:1 | Reached skill level 17 in Air Magic
 26297 | Spider:1 | Noticed an emperor scorpion
 26306 | Spider:1 | Killed an emperor scorpion
 26901 | Spider:2 | Noticed Agnes
 26906 | Spider:2 | Killed Agnes
 26910 | Spider:2 | Found a frozen archway.
 26967 | IceCv    | Entered an ice cave
 27039 | IceCv    | Found a transporter.
 27046 | IceCv    | Found a transporter.
 27441 | Spider:2 | Slain by a tarantella

Illustrated notes

Levels and vault maps discovered:
D:1:      shiori_shiawase, layout_basic,
          dreamdust_ecumenical_altar_hidden_monk_grotto, st_stairs_6
D:2:      layout_loops_ring, uniq_jessica, uniq_robin
D:3:      cheibrodos_fertilizer, layout_basic, serial_shops, shop,
          nicolae_shop_hallway_plus, nicolae_shop_window_shopping,
          grunt_decor_mini_mirrors, minmay_box_of_dots
D:4:      layout_basic, minmay_temple_entry_wispy
D:5:      layout_basic, trog_wizard, gammafunk_ghost_abyssal_escape
D:6:      layout_cave_pools, chequers_big_river, uniq_menkaure, uniq_grinder
D:7:      layout_basic, nicolae_hepliaklqana_monster_ancestors, enter_bailey_3,
          minivault_14
D:8:      layout_basic, grunt_temple_overflow_open, serial_aquarium,
          aquarium_bridge_square [aquarium_subvault_window,
          aquarium_subvault_balcony, aquarium_subvault_bridge,
          aquarium_subvault_bridge], aquarium_window_fake, aquarium_window_fake,
          aquarium_view_2d, aquarium_balcony_1a, aquarium_pool_double,
          nicolae_underground_beach
D:9:      layout_stronghold, marbit_many_paths,
          mainiacjoe_overflow_small_starburst, st_stairs_7
D:10:     layout_irregular_city, erik_lair_island,
          minmay_orc_entry_temple_small, ebering_ghost_inner_flame
Temple:   dshaligram_water_room_temple
Lair:1:   layout_cave_pods, infiniplex_staircase_pool_2
Lair:2:   layout_cave_pods, nicolae_spider_entry_tight_spaces,
          serial_bayou_pond_a, chequers_serial_rivers_marsh,
          serial_bayou_shore_b, uniq_gastronok
Lair:3:   hangedman_what_comes_after_a, layout_cave_pods,
          elwin_shoals_entry_stream, lemuel_fruit_tree
Lair:4:   layout_hall_layers, serial_bayou_shore_a
Lair:5:   layout_misc_corridors, dpeg_slime_entry_enclosed_altar,
          grunt_megastairs_4, infiniplex_staircase_pool
Lair:6:   minmay_lair_end_frog_pond, layout_layer_cave
Spider:1: layout_chambers
Spider:2: layout_chambers, portal_ice_cave_entry_ice_statue_one, uniq_agnes
Orc:1:    layout_diamond_mine, serial_shops, nicolae_shop_advertising_works
          [nicolae_subvault_shop_adworks]
Orc:2:    st_orc_pillars, layout_caves, minmay_orc_temple_a

Skill      XL: |  1  2  3  4  5  6  7  8  9 10 11 12 13 14 15 |
---------------+----------------------------------------------+-----
Spellcasting   | 3 4 5 7 8 10 11 13 14 15 | 15.9
Conjurations   | 5 6 7 9 10 | 10.0
Translocations | 4 |  4.0
Fire Magic     | 2 6 9 10 | 10.0
Fighting       | 5 |  5.1
Dodging        | 4 |  4.7
Evocations     | 5 |  5.2
Air Magic      | 6 11 14 16 17 | 17.7
Stealth        | |  1.7

Action                   |  1- 3 |  4- 6 |  7- 9 | 10-12 | 13-15 || total
-------------------------+-------+-------+-------+-------+-------++-------
Melee: Unarmed           |    28 |       |       |       |       ||    28
       Tailslap          |     4 |     6 |     5 |    18 |    19 ||    52
       Dagger            |       |    27 |    26 |    40 |       ||    93
       Punch             |       |       |     1 |     3 |     1 ||     5
       Staff             |       |       |       |    64 |   111 ||   175
Throw: Dart              |       |     2 |     4 |     5 |     1 ||    12
 Cast: Magic Dart        |    14 |     1 |       |       |       ||    15
       Searing Ray       |    25 |    57 |    52 |    75 |       ||   209
       Sticky Flame      |       |       |     8 |    58 |    67 ||   133
       Inner Flame       |       |       |       |     2 |    17 ||    19
       Iskenderun's Myst |       |       |       |    45 |    63 ||   108
       Airstrike         |       |       |       |    17 |   111 ||   128
       Starburst         |       |       |       |       |    84 ||    84
       Static Discharge  |       |       |       |       |     3 ||     3
       Maxwell's Capacit |       |       |       |       |    38 ||    38
 Abil: Breathe Steam     |       |       |    16 |    39 |     9 ||    64
Evoke: Wand              |       |       |       |     2 |    14 ||    16
  Use: Scroll            |       |    11 |     8 |     6 |     9 ||    34
       Potion            |       |       |       |     3 |     3 ||     6
 Stab: Sleeping          |       |       |       |       |     1 ||     1
Armor: Skin              |     8 |    18 |    19 |    87 |   183 ||   315
Dodge: Dodged            |    20 |    30 |    40 |   151 |   264 ||   505
Block: Other             |       |       |     8 |    13 |       ||    21

Table legend: (Time is in decaauts)
 A = Elapsed time spent in this place.
 B = Non-inter-level travel time spent in this place.
 C = Inter-level travel time spent in this place.
 D = Time resting spent in this place.
 E = Time spent auto-exploring this place.
 F = Levels seen in this place.
 G = Mean time per level.
                   A        B        C        D        E       F      G
               +--------+--------+--------+--------+--------+-----+--------+
         Total |  27540 |  25790 |   1750 |   4695 |  16587 |  23 | 1197.4 |
       Dungeon |  13416 |  12243 |   1173 |   1578 |   8506 |  10 | 1341.6 |
        Temple |    115 |    115 |      0 |      0 |     60 |   1 |  115.0 |
          Lair |  10162 |   9660 |    502 |   1775 |   6326 |   6 | 1693.7 |
   Spider Nest |   1186 |   1181 |      5 |     92 |    911 |   2 |  593.0 |
  Orcish Mines |    863 |    795 |     68 |    250 |    411 |   2 |  431.5 |
        Bailey |   1403 |   1403 |      0 |    731 |    328 |   1 | 1403.0 |
      Ice Cave |    391 |    391 |      0 |    269 |     45 |   1 |  391.0 |
               +--------+--------+--------+--------+--------+-----+--------+

Top non-repeatable levels by time:
  Lair:3: 2261 daAuts
  Lair:2: 2099 daAuts
  Lair:6: 1927 daAuts
     D:3: 1685 daAuts
     D:1: 1564 daAuts
     D:2: 1533 daAuts
  Lair:4: 1473 daAuts
     D:9: 1444 daAuts
  Bailey: 1403 daAuts
     D:5: 1394 daAuts
    D:10: 1339 daAuts
     D:6: 1308 daAuts
  Lair:5: 1241 daAuts
  Lair:1: 1159 daAuts
     D:8: 1060 daAuts
